2480 views
Uploaded 2021-12-20 09:59:30
Game version 1.32.10
18:12 long 3on3 ladder game on (6)BloodstoneMesa_LV
Saved by xzz
2480 views
Uploaded 2021-12-20 09:59:30
Game version 1.32.10
18:12 long 3on3 ladder game on (6)BloodstoneMesa_LV


126 units @ 13.4k
/ 1.6k
51 buildings @ 8.4k
/ 3.5k



| Staff of Preservation | 5 | 750 |
| Moonstone | 1 | 50 |
| Orb of Venom | 2 | 650 |
| Lesser Clarity Potion | 1 | 70 |
| Scroll of Town Portal | 2 | 700 |
| Boots of Speed | 6 | 1500 |
| Staff of Teleportation | 2 | 300 |
| total: | 19 | 4020g |
| Wisp | 43 | 2580 | / | 0 |
| Archer | 8 | 1040 | / | 80 |
| Dryad | 3 | 435 | / | 180 |
| Faerie Dragon | 4 | 620 | / | 100 |
| Druid of the Claw | 3 | 765 | / | 240 |
| Mountain Giant | 1 | 350 | / | 100 |
| total: | 62 | 5790g | / | 700w |
| Ancient Protector | 3 | 405 | / | 240 |
| Altar of Elders | 1 | 180 | / | 50 |
| Moon Well | 6 | 1080 | / | 240 |
| Ancient of War | 1 | 150 | / | 60 |
| Ancient of Wonders | 3 | 270 | / | 90 |
| Tree of Life | 1 | 340 | / | 185 |
| Hunter's Hall | 1 | 210 | / | 100 |
| Ancient of Lore | 3 | 465 | / | 435 |
| Ancient of Wind | 2 | 300 | / | 280 |
| Tree of Ages | 1 | 320 | / | 180 |
| Tree of Eternity | 2 | 660 | / | 400 |
| total: | 21 | 3400g | / | 1680w |
| 0:06 | Wisp |
| 0:06 | Wisp |
| 0:08 | Altar of Elders |
| 0:21 | Moon Well |
| 0:27 | Ancient of War |
| 0:36 | Wisp |
| 0:36 | Wisp |
| 0:46 | Wisp |
| 0:57 | Wisp |
| 0:57 | Wisp |
| 0:57 | Wisp |
| 0:57 | Wisp |
| 0:58 | Wisp |
| 0:58 | Wisp |
| 1:03 | Wisp |
| 1:03 | Wisp |
| 1:03 | Wisp |
| 1:03 | Wisp |
| 1:03 | Wisp |
| 1:03 | Wisp |
| 1:10 | Wisp |
| 1:27 | Archer |
| 1:28 | Archer |
| 1:28 | Archer |
| 1:28 | Archer |
| 1:28 | Archer |
| 1:38 | Moon Well |
| 1:49 | Archer |
| 1:57 | Ancient of Wonders |
| 2:06 | Wisp |
| 2:06 | Wisp |
| 2:06 | Wisp |
| 2:06 | Wisp |
| 2:06 | Wisp |
| 2:08 | Wisp |
| 2:17 | Fan of Knives |
| 2:25 | Wisp |
| 2:33 | Wisp |
| 3:08 | Wisp |
| 3:19 | Tree of Life |
| 3:21 | Wisp |
| 3:45 | Tree of Ages |
| 3:49 | Archer |
| 3:53 | Blink |
| 4:01 | Moon Well |
| 4:09 | Archer |
| 4:33 | Boots of Speed |
| 4:55 | Moon Well |
| 4:59 | Fan of Knives |
| 5:10 | Hunter's Hall |
| 5:16 | Ancient of Wonders |
| 5:30 | Wisp |
| 5:30 | Wisp |
| 5:30 | Wisp |
| 6:07 | Wisp |
| 6:07 | Wisp |
| 6:17 | Wisp |
| 6:17 | Wisp |
| 6:20 | Improved Bows |
| 6:23 | Ancient of Lore |
| 6:27 | Ancient of Lore |
| 6:50 | Breath of Fire |
| 7:01 | Ancient of Lore |
| 7:05 | Wisp |
| 7:05 | Wisp |
| 7:09 | Staff of Preservation |
| 7:09 | Staff of Preservation |
| 7:09 | Staff of Preservation |
| 7:09 | Staff of Preservation |
| 7:09 | Staff of Preservation |
| 7:22 | Boots of Speed |
| 7:22 | Boots of Speed |
| 7:22 | Boots of Speed |
| 7:22 | Boots of Speed |
| 7:22 | Boots of Speed |
| 7:30 | Staff of Teleportation |
| 7:30 | Staff of Teleportation |
| 7:47 | Dryad |
| 8:12 | Tree of Eternity |
| 8:14 | Abolish Magic |
| 8:18 | Druid of the Claw Adept Training |
| 8:20 | Dryad |
| 8:38 | Wisp |
| 8:38 | Wisp |
| 8:38 | Wisp |
| 8:38 | Wisp |
| 8:54 | Ancient of Wonders |
| 8:54 | Wisp |
| 8:58 | Dryad |
| 8:59 | Strength of the Wild |
| 9:15 | Wisp |
| 9:22 | Ancient of Wind |
| 10:04 | Ancient of Wind |
| 10:08 | Ultravision |
| 10:08 | Reinforced Hides |
| 10:12 | Blink |
| 10:16 | Drunken Brawler |
| 10:39 | Moon Well |
| 10:40 | Moon Well |
| 10:41 | Druid of the Claw Master Training |
| 10:43 | Well Spring |
| 11:05 | Moonstone |
| 11:07 | Orb of Venom |
| 11:12 | Faerie Dragon |
| 11:32 | Nature's Blessing |
| 11:33 | Orb of Venom |
| 11:42 | Lesser Clarity Potion |
| 11:43 | Scroll of Town Portal |
| 11:54 | Mark of the Claw |
| 11:56 | Druid of the Claw |
| 12:03 | Improved Reinforced Hides |
| 12:17 | Ancient Protector |
| 12:19 | Ancient Protector |
| 12:34 | Forked Lightning |
| 13:09 | Improved Strength of the Wild |
| 13:10 | Druid of the Claw |
| 13:11 | Resistant Skin |
| 13:25 | Faerie Dragon |
| 13:28 | Hardened Skin |
| 14:46 | Faerie Dragon |
| 14:46 | Faerie Dragon |
| 14:48 | Druid of the Claw |
| 14:51 | Breath of Fire |
| 15:16 | Fan of Knives |
| 15:18 | Scroll of Town Portal |
| 15:33 | Ancient Protector |
| 15:49 | Mountain Giant |
| 16:06 | Advanced Reinforced Hides |
| Right click | 686 |
| Select | 388 |
| Build/train/purchase | 167 |
| Use ability | 42 |
| Chat | 39 |
| Remove unit | 2 |
| Misc. action | 1 |
| Item give/drop | 1 |
| Esc | 1 |


| Healing Salve | 1 | 100 |
| Orb of Lightning | 1 | 375 |
| Scroll of Town Portal | 2 | 700 |
| Potion of Lesser Invulnerability | 2 | 300 |
| total: | 6 | 1475g |
| Peon | 18 | 1350 | / | 0 |
| Troll Headhunter | 14 | 1960 | / | 280 |
| Shaman | 4 | 520 | / | 80 |
| Troll Witch Doctor | 3 | 435 | / | 75 |
| Troll Berserker | 2 | 280 | / | 40 |
| total: | 41 | 4545g | / | 475w |
| Watch Tower | 1 | 110 | / | 80 |
| Altar of Storms | 1 | 180 | / | 50 |
| Orc Burrow | 9 | 1440 | / | 360 |
| War Mill | 1 | 205 | / | 0 |
| Barracks | 2 | 360 | / | 100 |
| Voodoo Lounge | 2 | 260 | / | 60 |
| Great Hall | 1 | 385 | / | 185 |
| Spirit Lodge | 2 | 300 | / | 300 |
| Stronghold | 1 | 315 | / | 190 |
| Fortress | 1 | 325 | / | 190 |
| total: | 19 | 3240g | / | 1135w |
| 0:05 | Peon |
| 0:05 | Peon |
| 0:05 | Peon |
| 0:45 | Altar of Storms |
| 0:49 | Orc Burrow |
| 0:51 | Peon |
| 0:56 | War Mill |
| 1:09 | Barracks |
| 1:17 | Peon |
| 1:31 | Peon |
| 1:42 | Voodoo Lounge |
| 1:52 | Peon |
| 2:10 | Troll Headhunter |
| 2:15 | Orc Burrow |
| 2:29 | Troll Headhunter |
| 2:48 | Healing Salve |
| 2:55 | War Stomp |
| 3:09 | Troll Headhunter |
| 3:26 | Troll Headhunter |
| 3:37 | Troll Headhunter |
| 3:58 | Stronghold |
| 4:10 | Troll Headhunter |
| 5:03 | Endurance Aura |
| 5:10 | Troll Headhunter |
| 5:12 | Orc Burrow |
| 6:06 | Great Hall |
| 6:10 | Orc Burrow |
| 6:23 | Spirit Lodge |
| 6:26 | Peon |
| 6:36 | Troll Regeneration |
| 7:15 | Endurance Aura |
| 7:22 | Potion of Lesser Invulnerability |
| 7:25 | Healing Wave |
| 8:28 | Orc Burrow |
| 8:29 | Shaman Adept Training |
| 8:48 | Peon |
| 8:48 | Peon |
| 8:51 | Peon |
| 8:54 | Peon |
| 9:20 | Watch Tower |
| 9:25 | Voodoo Lounge |
| 9:37 | Troll Headhunter |
| 9:41 | Peon |
| 9:49 | Peon |
| 9:50 | Peon |
| 10:03 | Troll Headhunter |
| 10:24 | Fortress |
| 10:37 | Peon |
| 10:37 | Peon |
| 10:37 | Peon |
| 10:39 | Shaman |
| 10:53 | Witch Doctor Adept Training |
| 11:28 | Troll Headhunter |
| 11:28 | Troll Headhunter |
| 11:31 | Orc Burrow |
| 11:40 | Spirit Lodge |
| 11:49 | Scroll of Town Portal |
| 12:16 | Troll Headhunter |
| 12:26 | Orc Burrow |
| 12:45 | Shaman Master Training |
| 12:46 | Orb of Lightning |
| 12:53 | Witch Doctor Master Training |
| 12:56 | Troll Headhunter |
| 12:58 | Troll Witch Doctor |
| 13:55 | Orc Burrow |
| 13:57 | Berserker Upgrade |
| 13:57 | Troll Headhunter |
| 13:58 | Troll Witch Doctor |
| 13:59 | Shaman |
| 14:35 | Hex |
| 14:39 | War Stomp |
| 14:51 | Troll Witch Doctor |
| 14:52 | Shaman |
| 14:55 | Barracks |
| 14:58 | Scroll of Town Portal |
| 15:05 | Shaman |
| 15:10 | Orc Burrow |
| 15:11 | Troll Berserker |
| 15:11 | Troll Berserker |
| 15:14 | Potion of Lesser Invulnerability |
| Right click | 208 |
| Select | 185 |
| Build/train/purchase | 83 |
| Chat | 58 |
| Use ability | 15 |
| Resource trade | 5 |
| Assign group | 2 |
| Item give/drop | 2 |
| Minimap ping | 1 |

| Scroll of Speed | 4 | 200 |
| Healing Salve | 7 | 700 |
| Lesser Clarity Potion | 1 | 70 |
| Scroll of Town Portal | 3 | 1050 |
| total: | 15 | 2020g |
| Peon | 11 | 825 | / | 0 |
| Grunt | 2 | 400 | / | 0 |
| Raider | 10 | 1800 | / | 400 |
| total: | 23 | 3025g | / | 400w |
| Altar of Storms | 1 | 180 | / | 50 |
| Orc Burrow | 4 | 640 | / | 160 |
| Barracks | 1 | 180 | / | 50 |
| War Mill | 1 | 205 | / | 0 |
| Voodoo Lounge | 1 | 130 | / | 30 |
| Beastiary | 3 | 435 | / | 420 |
| Stronghold | 2 | 630 | / | 380 |
| Fortress | 1 | 325 | / | 190 |
| total: | 11 | 1770g | / | 710w |
| 0:07 | Altar of Storms |
| 0:08 | Orc Burrow |
| 0:10 | Peon |
| 0:11 | Peon |
| 0:11 | Peon |
| 0:51 | Peon |
| 0:52 | Peon |
| 0:52 | Peon |
| 1:29 | Peon |
| 1:57 | Stronghold |
| 2:08 | Barracks |
| 2:36 | Orc Burrow |
| 2:39 | Feral Spirit |
| 2:56 | War Mill |
| 3:55 | Grunt |
| 3:57 | Voodoo Lounge |
| 4:45 | Beastiary |
| 4:47 | Beastiary |
| 4:49 | Peon |
| 4:49 | Peon |
| 4:49 | Peon |
| 4:49 | Peon |
| 5:18 | Orc Burrow |
| 5:24 | Grunt |
| 5:47 | Pillage |
| 5:59 | Chain Lighting |
| 6:07 | Raider |
| 6:11 | Orc Burrow |
| 6:27 | Steel Armor |
| 6:42 | Raider |
| 6:54 | Scroll of Speed |
| 7:05 | Ensnare |
| 7:23 | Raider |
| 7:31 | Healing Salve |
| 7:47 | Feral Spirit |
| 8:55 | Raider |
| 9:05 | Steel Melee Weapons |
| 9:11 | Healing Salve |
| 9:16 | Lesser Clarity Potion |
| 9:18 | Scroll of Speed |
| 9:27 | Raider |
| 9:30 | Healing Salve |
| 10:03 | Scroll of Town Portal |
| 10:12 | Thorium Armor |
| 11:07 | Thorium Melee Weapons |
| 12:09 | Raider |
| 12:18 | Healing Salve |
| 12:18 | Healing Salve |
| 12:19 | Scroll of Speed |
| 12:20 | Scroll of Town Portal |
| 12:25 | Raider |
| 13:00 | Raider |
| 14:03 | Raider |
| 14:42 | Fortress |
| 14:44 | Reinforced Defenses |
| 15:59 | Raider |
| 16:05 | Healing Salve |
| 16:05 | Healing Salve |
| 16:06 | Scroll of Speed |
| 16:06 | Scroll of Town Portal |
| 16:26 | Beastiary |
| 17:12 | Arcanite Armor |
| 17:12 | Arcanite Melee Weapons |
| 17:16 | Liquid Fire |
| Right click | 734 |
| Select | 238 |
| Select group | 94 |
| Build/train/purchase | 83 |
| Use ability | 44 |
| Chat | 44 |
| Assign group | 28 |
| Resource trade | 20 |
| Misc. action | 5 |
| Minimap ping | 3 |
| Remove unit | 1 |
77 units @ 9.8k
/ 0.5k
58 buildings @ 8.2k
/ 3k

| Scroll of Regeneration | 1 | 100 |
| Lesser Clarity Potion | 2 | 140 |
| total: | 3 | 240g |
| Peasant | 9 | 675 | / | 0 |
| Footman | 7 | 945 | / | 0 |
| Sorceress | 2 | 310 | / | 40 |
| Priest | 5 | 675 | / | 50 |
| total: | 23 | 2605g | / | 90w |
| Scout Tower | 7 | 210 | / | 140 |
| Arcane Tower | 2 | 140 | / | 100 |
| Guard Tower | 4 | 280 | / | 200 |
| Farm | 7 | 560 | / | 140 |
| Altar of Kings | 2 | 360 | / | 100 |
| Barracks | 4 | 640 | / | 240 |
| Arcane Vault | 3 | 390 | / | 90 |
| Lumber Mill | 1 | 120 | / | 0 |
| Town Hall | 2 | 770 | / | 410 |
| Arcane Sanctum | 2 | 300 | / | 280 |
| Keep | 2 | 640 | / | 420 |
| Castle | 2 | 720 | / | 420 |
| total: | 28 | 3350g | / | 1400w |
| 0:04 | Peasant |
| 0:05 | Peasant |
| 0:05 | Peasant |
| 0:31 | Farm |
| 0:33 | Altar of Kings |
| 0:46 | Farm |
| 0:49 | Barracks |
| 0:55 | Barracks |
| 1:06 | Peasant |
| 1:06 | Peasant |
| 1:15 | Farm |
| 1:20 | Peasant |
| 1:21 | Peasant |
| 2:03 | Footman |
| 2:05 | Farm |
| 2:09 | Peasant |
| 2:10 | Peasant |
| 2:29 | Footman |
| 2:52 | Scout Tower |
| 2:56 | Summon Water Elemental |
| 3:18 | Footman |
| 3:54 | Farm |
| 3:59 | Scout Tower |
| 4:00 | Keep |
| 4:05 | Barracks |
| 4:07 | Arcane Vault |
| 4:15 | Footman |
| 4:15 | Footman |
| 4:22 | Lumber Mill |
| 4:44 | Arcane Tower |
| 5:07 | Brilliance Aura |
| 5:10 | Scout Tower |
| 5:28 | Improved Lumber Harvesting |
| 5:32 | Footman |
| 5:50 | Guard Tower |
| 5:53 | Improved Masonry |
| 5:55 | Footman |
| 6:45 | Castle |
| 6:49 | Arcane Sanctum |
| 6:50 | Arcane Sanctum |
| 6:55 | Scroll of Regeneration |
| 6:55 | Lesser Clarity Potion |
| 7:01 | Summon Water Elemental |
| 7:36 | Advanced Masonry |
| 7:37 | Advanced Lumber Harvesting |
| 8:32 | Sorceress |
| 9:12 | Arcane Vault |
| 9:22 | Altar of Kings |
| 9:27 | Priest |
| 10:02 | Priest |
| 10:06 | Priest |
| 10:10 | Priest Adept Training |
| 10:32 | Lesser Clarity Potion |
| 10:59 | Sorceress Adept Training |
| 11:02 | Barracks |
| 12:32 | Town Hall |
| 12:58 | Farm |
| 12:59 | Farm |
| 13:20 | Magic Sentry |
| 13:50 | Scout Tower |
| 14:08 | Brilliance Aura |
| 14:23 | Sorceress |
| 14:46 | Guard Tower |
| 15:07 | Town Hall |
| 15:10 | Scout Tower |
| 15:10 | Scout Tower |
| 15:40 | Priest |
| 15:54 | Guard Tower |
| 16:03 | Arcane Vault |
| 16:07 | Scout Tower |
| 16:18 | Priest |
| Select group | 1164 |
| Right click | 628 |
| Select | 445 |
| Misc. action | 198 |
| Build/train/purchase | 84 |
| Assign group | 32 |
| Minimap ping | 14 |
| Use ability | 13 |
| Esc | 4 |


| Healing Salve | 5 | 500 |
| Lesser Clarity Potion | 5 | 350 |
| Scroll of Speed | 1 | 50 |
| Potion of Healing | 3 | 450 |
| Scroll of Town Portal | 6 | 2100 |
| Potion of Lesser Invulnerability | 2 | 300 |
| total: | 22 | 3750g |
| Peon | 7 | 525 | / | 0 |
| Grunt | 9 | 1800 | / | 0 |
| Shaman | 3 | 390 | / | 60 |
| Tauren | 1 | 280 | / | 80 |
| total: | 20 | 2995g | / | 140w |
| Altar of Storms | 2 | 360 | / | 100 |
| Orc Burrow | 4 | 640 | / | 160 |
| War Mill | 1 | 205 | / | 0 |
| Barracks | 2 | 360 | / | 100 |
| Voodoo Lounge | 1 | 130 | / | 30 |
| Spirit Lodge | 1 | 150 | / | 150 |
| Tauren Totem | 1 | 135 | / | 155 |
| Stronghold | 2 | 630 | / | 380 |
| Fortress | 3 | 975 | / | 570 |
| total: | 12 | 1980g | / | 695w |
| 0:02 | Peon |
| 0:02 | Peon |
| 0:04 | Altar of Storms |
| 0:05 | Altar of Storms |
| 0:18 | Orc Burrow |
| 0:24 | Peon |
| 0:50 | War Mill |
| 0:58 | Peon |
| 1:10 | Barracks |
| 1:16 | Peon |
| 1:25 | Peon |
| 1:33 | Voodoo Lounge |
| 1:39 | Peon |
| 1:56 | Orc Burrow |
| 2:05 | Shockwave |
| 2:17 | Grunt |
| 2:34 | Barracks |
| 2:59 | Healing Salve |
| 2:59 | Lesser Clarity Potion |
| 3:16 | Grunt |
| 3:34 | Stronghold |
| 3:59 | Grunt |
| 4:03 | Endurance Aura |
| 4:14 | Grunt |
| 4:26 | Orc Burrow |
| 4:47 | Steel Armor |
| 5:22 | Grunt |
| 5:25 | Grunt |
| 5:31 | Shockwave |
| 6:03 | Healing Salve |
| 6:03 | Healing Salve |
| 6:15 | Berserker Strength |
| 6:48 | Spirit Lodge |
| 6:53 | Hex |
| 7:11 | Grunt |
| 8:04 | Shaman Adept Training |
| 8:04 | Shaman |
| 8:05 | Grunt |
| 8:06 | Steel Melee Weapons |
| 8:09 | Lesser Clarity Potion |
| 8:09 | Scroll of Speed |
| 8:10 | Healing Salve |
| 8:20 | Lesser Clarity Potion |
| 8:20 | Healing Salve |
| 8:32 | Potion of Healing |
| 8:32 | Potion of Healing |
| 8:33 | Potion of Healing |
| 9:21 | Orc Burrow |
| 9:26 | Thorium Armor |
| 9:46 | Scroll of Town Portal |
| 9:46 | Scroll of Town Portal |
| 9:48 | Healing Wave |
| 9:55 | Potion of Lesser Invulnerability |
| 9:55 | Potion of Lesser Invulnerability |
| 10:02 | Endurance Aura |
| 10:30 | Fortress |
| 10:45 | Scroll of Town Portal |
| 10:57 | Reinforced Defenses |
| 12:10 | Shaman |
| 12:15 | Lesser Clarity Potion |
| 12:31 | Scroll of Town Portal |
| 13:13 | Shaman Master Training |
| 13:15 | Tauren Totem |
| 13:48 | Lesser Clarity Potion |
| 14:01 | Shaman |
| 14:03 | Grunt |
| 14:20 | Scroll of Town Portal |
| 14:46 | Healing Wave |
| 15:06 | Tauren |
| 15:20 | Scroll of Town Portal |
| 15:28 | Pulverize |
| Select | 830 |
| Right click | 557 |
| Select group | 555 |
| Misc. action | 320 |
| Build/train/purchase | 80 |
| Use ability | 49 |
| Assign group | 44 |
| Item give/drop | 2 |



| Rod of Necromancy | 1 | 150 |
| Sacrificial Skull | 1 | 50 |
| Orb of Corruption | 1 | 375 |
| Potion of Mana | 1 | 200 |
| Scroll of Town Portal | 1 | 350 |
| total: | 5 | 1125g |
| Acolyte | 7 | 525 | / | 0 |
| Ghoul | 20 | 2400 | / | 0 |
| Abomination | 3 | 720 | / | 210 |
| Necromancer | 4 | 580 | / | 80 |
| total: | 34 | 4225g | / | 290w |
| Nerubian Tower | 2 | 200 | / | 40 |
| Spirit Tower | 3 | 435 | / | 120 |
| Altar of Darkness | 1 | 180 | / | 50 |
| Ziggurat | 9 | 1350 | / | 450 |
| Crypt | 1 | 200 | / | 50 |
| Tomb of Relics | 3 | 390 | / | 90 |
| Necropolis | 1 | 225 | / | 0 |
| Graveyard | 1 | 215 | / | 0 |
| Temple of the Damned | 1 | 155 | / | 140 |
| Slaughterhouse | 1 | 140 | / | 135 |
| Halls of the Dead | 1 | 320 | / | 210 |
| Black Citadel | 1 | 325 | / | 230 |
| total: | 18 | 2855g | / | 915w |
| 0:08 | Acolyte |
| 0:08 | Acolyte |
| 0:11 | Altar of Darkness |
| 0:13 | Ziggurat |
| 0:34 | Acolyte |
| 0:44 | Crypt |
| 1:01 | Tomb of Relics |
| 1:18 | Ziggurat |
| 1:31 | Nerubian Tower |
| 1:49 | Ghoul |
| 1:58 | Ghoul |
| 2:12 | Rod of Necromancy |
| 2:20 | Carrion Beetles |
| 2:25 | Ghoul |
| 2:53 | Backpack |
| 2:57 | Ghoul |
| 2:58 | Ghoul |
| 3:43 | Ghoul |
| 4:27 | Sacrificial Skull |
| 4:33 | Ghoul |
| 4:33 | Ghoul |
| 4:33 | Ghoul |
| 5:29 | Ghoul |
| 5:33 | Spiked Carapace |
| 6:13 | Halls of the Dead |
| 6:51 | Tomb of Relics |
| 6:55 | Necropolis |
| 8:05 | Carrion Beetles |
| 8:39 | Ziggurat |
| 8:43 | Ziggurat |
| 8:46 | Ziggurat |
| 8:51 | Acolyte |
| 8:51 | Acolyte |
| 8:51 | Acolyte |
| 9:01 | Ghoul |
| 9:01 | Ghoul |
| 9:01 | Ghoul |
| 9:18 | Life Drain |
| 9:21 | Ghoul |
| 9:46 | Graveyard |
| 9:52 | Ghoul |
| 10:04 | Ziggurat |
| 10:12 | Black Citadel |
| 10:39 | Ghoul |
| 10:59 | Nerubian Tower |
| 11:20 | Ghoul |
| 11:28 | Acolyte |
| 11:36 | Temple of the Damned |
| 11:39 | Slaughterhouse |
| 12:17 | Ziggurat |
| 12:18 | Ziggurat |
| 12:19 | Ziggurat |
| 12:51 | Rain of Fire |
| 13:04 | Abomination |
| 13:04 | Abomination |
| 13:07 | Necromancer |
| 13:07 | Necromancer |
| 13:07 | Necromancer |
| 13:25 | Spirit Tower |
| 13:39 | Tomb of Relics |
| 14:05 | Spirit Tower |
| 14:07 | Spirit Tower |
| 14:24 | Ghoul |
| 14:54 | Orb of Corruption |
| 15:06 | Abomination |
| 15:08 | Necromancer |
| 15:26 | Ghoul |
| 15:26 | Ghoul |
| 15:43 | Potion of Mana |
| 15:48 | Scroll of Town Portal |
| Right click | 275 |
| Select | 190 |
| Select group | 160 |
| Build/train/purchase | 66 |
| Assign group | 17 |
| Use ability | 11 |
| Minimap ping | 9 |
| Resource trade | 7 |
| Misc. action | 3 |
| Item give/drop | 1 |
| Esc | 1 |
⇛